 Dungeon Crawl Stone Soup version 0.30-a0-389-g8d7d949f56 (webtiles) character file.

Game seed: 16504932143498490350

91 arthad the Grasshopper (level 4, -5/38 HPs)
             Began as a Gnoll Warper on Dec 3, 2022.
             Killed from afar by an orc wizard (9 damage)
             ... with a magic dart
             ... on level 2 of the Dungeon.
             The game lasted 00:04:16 (2037 turns).

arthad the Grasshopper (Gnoll Warper)               Turns: 2037, Time: 00:04:17

Health: -5/38      AC:  6    Str: 13    XL:     4   Next: 59%
Magic:  11/11      EV: 12    Int: 12    God:
Gold:   165        SH:  3    Dex: 11    Spells: 2/13 levels left

rFire   + . .      SeeInvis .    a - +0 spear
rCold   + . .      Faith    .    f - +0 buckler
rNeg    . . .      Spirit   .    b - +0 leather armour
rPois   +          Reflect  .    h - +1 hat
rElec   +          Harm     .    (no cloak)
rCorr   +          Rampage  .    (no gloves)
Will    .....                    m - +1 pair of boots
Stlth   +.........               (no amulet)
HPRegen 0.26/turn                (no ring)
MPRegen 0.12/turn                (no ring)

@: resistant, attractive, flying, hasted, very quick
A: fangs 1, strong nose, distributed training
a: no special abilities


You were on level 2 of the Dungeon.
You visited 1 branch of the dungeon, and saw 3 of its levels.

You collected 165 gold pieces.

Inventory:

Hand Weapons
 a - a +0 spear (weapon)
Missiles
 d - 5 boomerangs of dispersal (quivered)
 p - 4 poisoned darts
Armour
 b - a +0 leather armour (worn)
 f - a +0 buckler (worn)
 h - a +1 hat (worn)
 k - a +0 helmet
 m - a +1 pair of boots (worn)
Scrolls
 c - a scroll of blinking
 i - a scroll of amnesia {unknown}
 q - 2 scrolls of identify {unknown}
 r - a scroll of enchant armour {unknown}
Potions
 n - a potion of lignification {unknown}
 s - a potion of flight
 t - a potion of mutation {unknown}


   Skills:
 + Level 4.7 Fighting
 + Level 1.2 Short Blades
 + Level 1.2 Long Blades
 + Level 1.2 Axes
 + Level 1.2 Maces & Flails
 + Level 4.7 Polearms
 + Level 1.2 Staves
 + Level 1.2 Ranged Weapons
 + Level 2.8 Throwing
 + Level 2.8 Armour
 + Level 4.7 Dodging
 + Level 1.2 Stealth
 + Level 1.2 Shields
 + Level 1.2 Unarmed Combat
 + Level 5.1 Spellcasting
 + Level 1.0 Conjurations
 + Level 1.0 Hexes
 + Level 1.0 Summonings
 + Level 1.0 Necromancy
 + Level 5.5 Translocations
 + Level 1.0 Transmutations
 + Level 1.0 Fire Magic
 + Level 1.0 Ice Magic
 + Level 1.0 Air Magic
 + Level 1.0 Earth Magic
 + Level 1.0 Poison Magic
 + Level 1.3 Invocations
 + Level 1.2 Evocations


You had 2 spell levels left.
You knew the following spells:

 Your Spells              Type           Power      Damage    Failure   Level
a - Blink                 Tloc           32%        N/A       5%          2
b - Lesser Beckoning      Tloc           32%        N/A       11%         3
c - Teleport Other        Tloc           16%        N/A       11%         3
d - Vhi's Electric Charg  Tloc/Air       20%        N/A       26%         3

Your spell library contained the following spells:

 Spells                   Type           Power      Damage    Failure   Level
 Manifold Assault         Tloc           16%        N/A       34%         4


Dungeon Overview and Level Annotations

Branches:
Dungeon (3/15)

Altars:


Innate Abilities, Weirdness & Mutations

You have very sharp teeth.
Your uncanny sense of smell can sniff out nearby items.
Your experience applies equally to all skills.


Message History

You fly up into the air.
It was a potion of magic.
Magic courses through your body. Something hits you.
* * * LOW HITPOINT WARNING * * *
Cast which spell? (? or * to list)
Okay, then.
You hit something. Your bite misses something.
Something hits you but does no damage.
You closely miss something. Something hits you.
* * * LOW HITPOINT WARNING * * *
You feel better.
You hear some strange, mumbled words.
Something tries to affect you, but you resist.
You hit something but do no damage. You bite something. Something hits you.
* * * LOW HITPOINT WARNING * * *
You barely miss something. Something hits you but does no damage.
You completely miss something. Your bite misses something.
Something hits you but does no damage.
You miss something. You hit something but do no damage.
You hear some strange, mumbled words.
Something tries to affect you, but you resist.
You barely miss something. Your bite misses something. Something hits you.
* * * LOW HITPOINT WARNING * * *
You closely miss something. Something hits you but does no damage.
You miss something.
You hear some strange, mumbled words.
A magic dart appears from out of thin air!
The magic dart hits you.
* * * LOW HITPOINT WARNING * * *
You miss something. Something hits you but does no damage.
You closely miss something. Something hits you.
* * * LOW HITPOINT WARNING * * *
It was a potion of attraction.
You feel attractive to monsters. Something hits you but does no damage.
It was a potion of haste.
You feel yourself speed up.
You hear some strange, mumbled words.
A magic dart appears from out of thin air!
The magic dart hits you!
You die...

.#..##.##......(..........# #.#
.##....##.##.###..##.####.# #.#
.#####.##.##.###..........# #.#
.# #.##.##..###.##.###### #.#
.#####..#.##...##.##...######.#
..............................#
.#.###.#..##.#....##.#.########
.#...........#.#............#
.#.............#@#####.######
.#........#....#{# #.#
##........##...#.## #.#
†.................####.#
##...............>.....#
##....†...##....)......#
##........##...........#
##........##...##.####.#
##.............##.# #.#


There were no monsters in sight!

Vanquished Creatures
  3 adders
  A worm (D:2)
  2 dart slugs
  4 orcs
  5 ball pythons
  4 endoplasms
  4 giant cockroaches
  5 hobgoblins
  2 kobolds
  3 quokkas
  3 bats
  4 frilled lizards
  4 goblins
  9 rats
53 creatures vanquished.

Notes
Turn   | Place    | Note
-------+----------+-------------------------------------------
     0 | D:1      | arthad the Gnoll Warper began the quest for the Orb.
     0 | D:1      | Reached XP level 1. HP: 20/20 MP: 6/6
    55 | D:1      | Reached XP level 2. HP: 26/26 MP: 7/7
   730 | D:2      | Reached skill level 5 in Spellcasting
   730 | D:2      | Reached XP level 3. HP: 24/31 MP: 7/9
   733 | D:2      | Learned a level 2 spell: Blink
   737 | D:2      | Learned a level 3 spell: Lesser Beckoning
   741 | D:2      | Learned a level 3 spell: Teleport Other
   745 | D:2      | Learned a level 3 spell: Vhi's Electric Charge
  1063 | D:2      | Reached skill level 1 in Invocations
  1442 | D:2      | Reached skill level 1 in Short Blades
  1442 | D:2      | Reached skill level 1 in Long Blades
  1442 | D:2      | Reached skill level 1 in Axes
  1442 | D:2      | Reached skill level 1 in Maces & Flails
  1442 | D:2      | Reached skill level 1 in Staves
  1442 | D:2      | Reached skill level 1 in Ranged Weapons
  1442 | D:2      | Reached skill level 1 in Stealth
  1442 | D:2      | Reached skill level 1 in Shields
  1442 | D:2      | Reached skill level 1 in Unarmed Combat
  1442 | D:2      | Reached skill level 1 in Evocations
  1503 | D:2      | Reached XP level 4. HP: 34/38 MP: 11/11
  1648 | D:3      | Noticed a black bear
  1900 | D:3      | Reached skill level 1 in Conjurations
  1900 | D:3      | Reached skill level 1 in Hexes
  1900 | D:3      | Reached skill level 1 in Summonings
  1900 | D:3      | Reached skill level 1 in Necromancy
  1900 | D:3      | Reached skill level 1 in Transmutations
  1900 | D:3      | Reached skill level 1 in Fire Magic
  1900 | D:3      | Reached skill level 1 in Ice Magic
  1900 | D:3      | Reached skill level 1 in Air Magic
  1900 | D:3      | Reached skill level 1 in Earth Magic
  1900 | D:3      | Reached skill level 1 in Poison Magic
  2037 | D:2      | Killed from afar by an orc wizard

Illustrated notes

Levels and vault maps discovered:
D:1:      dpeg_arrival_oval, layout_basic, minmay_tetromino_i2
D:2:      layout_basic
D:3:      layout_basic, yredelemnul_altar_generic,
          gammafunk_temple_overflow_wave

Skill      XL: |  1  2  3  4 |
---------------+-------------+-----
Spellcasting   | 5 |  5.1
Invocations    | 1 |  1.3
Short Blades   | 1 |  1.2
Long Blades    | 1 |  1.2
Axes           | 1 |  1.2
Maces & Flails | 1 |  1.2
Staves         | 1 |  1.2
Ranged Weapons | 1 |  1.2
Stealth        | 1 |  1.2
Shields        | 1 |  1.2
Unarmed Combat | 1 |  1.2
Evocations     | 1 |  1.2
Conjurations   | 1 |  1.0
Hexes          | 1 |  1.0
Summonings     | 1 |  1.0
Necromancy     | 1 |  1.0
Transmutations | 1 |  1.0
Fire Magic     | 1 |  1.0
Ice Magic      | 1 |  1.0
Air Magic      | 1 |  1.0
Earth Magic    | 1 |  1.0
Poison Magic   | 1 |  1.0
Fighting       | |  4.7
Polearms       | |  4.7
Throwing       | |  2.8
Armour         | |  2.8
Dodging        | |  4.7
Translocations | |  5.5

Action                   |  1- 3 |  4- 6 || total
-------------------------+-------+-------++-------
Melee: Spear             |   133 |   112 ||   245
       Bite              |     6 |    13 ||    19
       Punch             |     1 |       ||     1
Throw: Boomerang         |       |     2 ||     2
  Use: Potion            |       |     7 ||     7
 Stab: Sleeping          |     2 |       ||     2
Armor: Leather armour    |    21 |    35 ||    56
Dodge: Dodged            |    50 |    39 ||    89
Block: Buckler           |    11 |    13 ||    24

Table legend: (Time is in decaauts)
 A = Elapsed time spent in this place.
 B = Non-inter-level travel time spent in this place.
 C = Inter-level travel time spent in this place.
 D = Time resting spent in this place.
 E = Time spent auto-exploring this place.
 F = Levels seen in this place.
 G = Mean time per level.
                   A        B        C        D        E       F      G
               +--------+--------+--------+--------+--------+-----+--------+
         Total |   2016 |   1961 |     55 |     93 |   1376 |   3 |  672.0 |
       Dungeon |   2016 |   1961 |     55 |     93 |   1376 |   3 |  672.0 |
               +--------+--------+--------+--------+--------+-----+--------+

Top non-repeatable levels by time:
     D:2: 1132 daAuts
     D:1: 671 daAuts
     D:3: 212 daAuts
